 Dungeon Crawl Stone Soup version 0.23.2-1-ga50397a6bc (webtiles) character file.

Game seed: 15100658928817842019

584 Revguard the Sneak (level 7, -1/61 HPs)
             Began as a Naga Gladiator on May 1, 2019.
             Slain by a gnoll
             ... wielding a +0 flail
              (4 damage)
             ... on level 4 of the Dungeon.
             The game lasted 00:10:56 (3275 turns).

Revguard the Sneak (Naga Gladiator)                 Turns: 3275, Time: 00:10:57

Health: -1/61      AC: 11    Str: 16    XL:     7   Next: 37%
Magic:  16/16      EV:  9    Int:  8    God:
Gold:   193        SH:  0    Dex: 15    Spells: 6/6 levels left

rFire    . . .     SeeInvis +   a - +0 war axe
rCold    . . .     Gourm    .   (no shield)
rNeg     . . .     Faith    .   b - +0 leather armour
rPois    +         Spirit   .   n - +2 hat
rElec    .         Reflect  .   (no cloak)
rCorr    .         Harm     .   e - +0 pair of gloves
MR       .....                  l - +0 naga barding
Stlth    +++.......             (no amulet)
HPRegen  0.20/turn              i - ring of magical power
MPRegen  0.15/turn              (no ring)

@: very slow
A: large, see invisible, deformed body, poison resistance, slowness 2, slow
metabolism 1, spit poison 1, AC +2
a: Spit Poison


You were on level 4 of the Dungeon.
You were not hungry.

You visited 1 branch of the dungeon, and saw 4 of its levels.
You also visited: Sewer.

You collected 193 gold pieces.

Inventory:

Hand Weapons
 a - a +0 war axe (weapon)
Missiles
 d - 3 throwing nets (quivered)
Armour
 b - a +0 leather armour (worn)
 c - a +0 helmet
 e - a +0 pair of gloves (worn)
 l - a +0 naga barding (worn)
 n - a +2 hat (worn)
Jewellery
 i - a ring of magical power (left hand)
Scrolls
 g - 3 scrolls of remove curse
 h - 7 scrolls of teleportation
 j - 4 scrolls of identify
 m - 3 scrolls of enchant armour
 q - a scroll of enchant weapon {unknown}
 r - a scroll of fear {unknown}
 u - a scroll of blinking {unknown}
Potions
 k - a potion of brilliance
 o - a potion of resistance
 p - 2 potions of curing
 s - 4 potions of flight
Comestibles
 f - 6 rations
 t - 3 chunks of flesh


   Skills:
 + Level 2.9 Fighting
 + Level 5.5 Axes
 - Level 1.7 Throwing
 + Level 2.0 Armour
 + Level 3.3 Dodging
 * Level 6.1 Stealth


You had 6 spell levels left.
You didn't know any spells.
Your spell library was empty.

Dungeon Overview and Level Annotations

Branches:
Dungeon (4/15)
 Temple: D:4-7

Altars:
Sif Muna


Innate Abilities, Weirdness & Mutations

You cannot wear boots.
Your serpentine skin is tough. (AC +2)
You have supernaturally acute eyesight. (SInv)
Armour fits poorly on your strangely shaped body.
Your system is resistant to poisons. (rPois)
You cover ground very slowly.
You have a slow metabolism.
You can spit poison.


Message History

You see here a +0 halberd.
You slash the gnoll!
The gnoll is severely wounded.
The gnoll barely misses you.
Press: ? - help, Shift-Dir - straight line, f - gnoll
Aim: a gnoll, wielding a +0 spear (severely wounded)
The splash of poison hits the gnoll.
The gnoll is poisoned.
You kill the gnoll!
You feel slightly more hungry.
You closely miss the gnoll. The gnoll hits you with a +0 flail!
* * * LOW HITPOINT WARNING * * *
You hit the gnoll.
The gnoll is lightly wounded.
You have got your breath back.
The gnoll hits you with a +0 flail.
* * * LOW HITPOINT WARNING * * *
You completely miss the gnoll.
The gnoll is lightly wounded.
The gnoll hits you with a +0 flail.
You die...

.#.# #.##.# #.. .#.#
#.##.# ###. .#.# #.##.#
.# .#.# #.##.# #
.#.#####.##.######
..................
><..........#####
###...........##########g
###########...@g.......
#############


You could see a gnoll.

Vanquished Creatures
  2 ogres (D:4)
  A bullfrog skeleton (D:4)
  A merfolk siren (Sewer)
  An orc wizard (D:4)
  A merfolk avatar (Sewer)
  A worker ant (D:4)
  13 adders
  3 gnolls (D:4)
  4 river rats (Sewer)
  2 dart slugs
  A leopard gecko (Sewer)
  5 orcs (D:4)
  10 bats
  6 giant cockroaches
  2 hobgoblins
  3 kobolds
  3 quokkas
  6 ball pythons
  11 frilled lizards
  10 goblins
  33 rats
119 creatures vanquished.

Notes
Turn   | Place    | Note
-------+----------+-------------------------------------------
     0 | D:1      | Revguard the Naga Gladiator began the quest for the Orb.
     0 | D:1      | Reached XP level 1. HP: 19/19 MP: 1/1
    59 | D:1      | Reached skill level 1 in Stealth
   358 | D:1      | Reached XP level 2. HP: 26/26 MP: 2/2
  1159 | D:2      | Reached skill level 2 in Stealth
  1159 | D:2      | Reached XP level 3. HP: 25/32 MP: 3/3
  1604 | D:2      | Reached skill level 1 in Armour
  1674 | D:2      | Reached XP level 4. HP: 37/39 MP: 4/4
  1798 | D:2      | Found a deep blue altar of Sif Muna.
  2377 | D:4      | Noticed an ogre
  2385 | D:4      | Killed an ogre
  2385 | D:4      | Reached skill level 4 in Stealth
  2385 | D:4      | Reached XP level 5. HP: 17/46 MP: 5/5
  2486 | D:4      | Noticed an ogre
  2502 | D:4      | Killed an ogre
  2502 | D:4      | Reached skill level 5 in Stealth
  2502 | D:4      | Reached XP level 6. HP: 23/55 MP: 6/6
  2675 | D:4      | Found a glowing drain.
  2707 | Sewer    | Entered a sewer
  2943 | Sewer    | Reached skill level 5 in Axes
  3020 | Sewer    | Reached XP level 7. HP: 54/61 MP: 7/7
  3193 | D:4      | Reached skill level 6 in Stealth
  3274 | D:4      | HP: 3/61 [gnoll/+0 flail (6)]
  3275 | D:4      | Slain by a gnoll

Skill      XL: |  1  2  3  4  5  6  7 |
---------------+----------------------+-----
Stealth        | 1 2 4 5 6 |  6.1
Armour         | 1 2 |  2.0
Axes           | 4 5 |  5.5
Dodging        | 3 |  3.3
Fighting       | |  2.9
Throwing       | |  1.7

Action                   |  1- 3 |  4- 6 |  7- 9 || total
-------------------------+-------+-------+-------++-------
Melee: War axe           |    88 |   187 |    48 ||   323
 Abil: Spit Poison       |     3 |     3 |     1 ||     7
  Use: Potion            |     2 |     2 |     1 ||     5
       Scroll            |       |     4 |       ||     4
 Stab: Sleeping          |     1 |    12 |       ||    13
       Distracted        |       |     1 |       ||     1
  Eat: Chunk             |       |     6 |     1 ||     7
Armor: Leather armour    |    77 |   141 |    32 ||   250
Dodge: Dodged            |    67 |   123 |    31 ||   221
